 Dungeon Crawl Stone Soup version 0.29.1-12-g30fa7ad0bf (webtiles) character file.

Game seed: 1060901299256489504

1462049 oldriver the Slayer (level 27, 160/160 (161) HPs)
             Began as a Vine Stalker Arcane Marksman on Dec 31, 2022.
             Was a High Priest of Elyvilon.
             Escaped with the Orb
             ... and 3 runes!
             The game lasted 04:23:47 (100378 turns).

oldriver the Slayer (VSAM)                        Turns: 100378, Time: 04:23:47

HP:   160/160 (161) AC: 35    Str: 22    XL:     27
MP:   48/48         EV: 21    Int: 14    God:    Elyvilon [*****.]
Gold: 1235          SH: 12    Dex: 35    Spells: 49/66 levels left

rFire   + . .      SeeInvis .   b - +9 quick blade (elec)
rCold   + . .      Faith    .   N - +1 buckler {rC+ rF+}
rNeg    + . .      Spirit   +   c - +9 storm dragon scales {Bai Suzhen}
rPois   +          Reflect  .   p - +1 hat "Givvetiv" {Regen+ Int+5 Stlth+}
rElec   +          Harm     .   t - +1 cloak of Jogism {rCorr Dex+6 Stlth-}
rCorr   +          Rampage  .   u - +2 pair of gloves {Stlth+}
Will    +++++                   D - +2 pair of boots {Fly}
Stlth   ++........              e - amulet "Qouxes" {Regen+ Int-4 Dex+4 Stlth+}
HPRegen 2.76/turn               O - ring "Biri" {rPois rC+ Will+ Str+3}
MPRegen 0.31/turn               v - ring of Bukhasuk {rC- rN+ Will+ Str+4}

@: flying, lightly drained
A: fangs 3, regeneration 1, magic shield, antimagic bite, no potion heal 2,
clumsy 1, sense surroundings 1, screaming 1, inability to read after injury 1
0: Orb of Zot
}: 3/15 runes: decaying, silver, gossamer
a: Renounce Religion, Purification, Heal Other, Heal Self, Divine Vigour


You escaped.
You worshipped Elyvilon.
Elyvilon was extremely pleased with you.
You visited 11 branches of the dungeon, and saw 51 of its levels.
You visited 1 bazaar.
You also visited: Sewer, Bailey and Gauntlet.

You collected 8996 gold pieces.
You spent 7761 gold pieces at shops.

Inventory:

Hand Weapons
 a - the +3 greatsling "Punk" {acid, rCorr}
   (You acquired it on level 2 of the Dungeon)

   Any ammunition fired from it is coated in acid, damaging and corroding those
   it strikes.
   rCorr:     It protects you from acid and corrosion.
 b - a +9 quick blade of electrocution (weapon)
Missiles
 h - 2 throwing nets
 C - 46 poisoned darts
Armour
 c - +9 storm dragon scales (worn) {Bai Suzhen}
 p - the +1 hat "Givvetiv" (worn) {Regen+ Int+5 Stlth+}
   (You found it on level 4 of the Spider Nest)

   Int:       It affects your intelligence (+5).
   Regen:     It increases your rate of health regeneration.
   Stlth:     It makes you more stealthy.
 t - the +1 cloak of Jogism (worn) {rCorr Dex+6 Stlth-}
   (You found it on level 3 of the Dungeon)

   Dex:       It affects your dexterity (+6).
   rCorr:     It protects you from acid and corrosion.
   Stlth:     It makes you less stealthy.
 u - a +2 pair of gloves of stealth (worn)
 D - a +2 pair of boots of flying (worn)
 H - the +10 tower shield of Ignorance {rN+ Int-4}
   (You found it on level 5 of the Vaults)

   Int:       It affects your intelligence (-4).
   rN:        It protects you from negative energy.
 N - a +1 buckler of resistance (worn)
Jewellery
 e - the amulet "Qouxes" (around neck) {Regen+ Int-4 Dex+4 Stlth+}
   (You found it on level 3 of the Crypt)

   [amulet of regeneration]

   Int:       It affects your intelligence (-4).
   Dex:       It affects your dexterity (+4).
   Regen:     It increases your rate of health regeneration.
   Stlth:     It makes you more stealthy.
 l - the ring of Evyh {rN+ rCorr Str+4 Dex+5 Stlth-}
   (You found it on level 3 of the Crypt)

   [ring of positive energy]

   Str:       It affects your strength (+4).
   Dex:       It affects your dexterity (+5).
   rN:        It protects you from negative energy.
   rCorr:     It protects you from acid and corrosion.
   Stlth:     It makes you less stealthy.
 v - the ring of Bukhasuk (right hand) {rC- rN+ Will+ Str+4}
   (You found it in a Gauntlet)

   [ring of willpower]

   Str:       It affects your strength (+4).
   rC:        It makes you vulnerable to cold.
   rN:        It protects you from negative energy.
   Will:      It increases your willpower.
 F - the ring "Wess" {rF+ Will+ AC+4 Str-5}
   (You found it on level 4 of the Depths)

   [ring of protection]

   AC:        It affects your AC (+4).
   Str:       It affects your strength (-5).
   rF:        It protects you from fire.
   Will:      It increases your willpower.
 O - the ring "Biri" (left hand) {rPois rC+ Will+ Str+3}
   (You bought it in a shop on level 4 of the Depths)

   [ring of poison resistance]

   Str:       It affects your strength (+3).
   rC:        It protects you from cold.
   rPois:     It protects you from poison.
   Will:      It increases your willpower.
 U - a ring of see invisible
Wands
 g - a wand of digging (33)
 m - a wand of flame (109)
 x - a wand of light (19)
 L - a wand of paralysis (12)
 T - a wand of iceblast (20)
 W - a wand of polymorph (9)
 X - a wand of mindburst (38)
Scrolls
 f - 12 scrolls of fear
 k - 4 scrolls of blinking
 n - 10 scrolls of poison
 o - a scroll of amnesia
 q - 21 scrolls of teleportation
 r - 3 scrolls of magic mapping
 w - 4 scrolls of immolation
 I - a scroll of enchant armour
 J - 2 scrolls of silence
 R - a scroll of summoning
 S - 6 scrolls of butterflies
Potions
 d - 34 potions of curing
 i - 7 potions of might
 j - 14 potions of mutation
 s - 3 potions of haste
 z - 4 potions of cancellation
 A - a potion of resistance
 B - 2 potions of invisibility
 G - 14 potions of brilliance
 P - a potion of berserk rage
 V - 4 potions of magic
Miscellaneous
 E - a tin of tremorstones (2/2)
 M - a phantom mirror (inert)
 Q - a lightning rod (4/4)
 Y - a box of beasts
 Z - a phial of floods


   Skills:
 + Level 22.1 Fighting
 - Level 8.0 Short Blades
 - Level 14.0 Ranged Weapons
 - Level 13.0 Armour
 - Level 13.0 Dodging
 - Level 15.0 Stealth
 - Level 15.0 Shields
 - Level 20.0 Spellcasting
 - Level 11.0 Hexes
 - Level 7.0 Translocations
 - Level 5.0 Air Magic
 - Level 15.0 Invocations
 - Level 11.0 Evocations


You had 49 spell levels left.
You knew the following spells:

 Your Spells              Type           Power      Damage    Failure   Level
a - Slow                  Hex            100%       N/A       1%          1
g - Passage of Golubria   Tloc           33%        N/A       12%         4
i - Inner Flame           Hex/Fire       29%        N/A       7%          3
p - Portal Projectile     Hex/Tloc       78%        N/A       1%          3
s - Swiftness             Air            28%        N/A       9%          3
t - Tukima's Dance        Hex            44%        N/A       1%          3

Your spell library contained the following spells:

 Spells                   Type           Power      Damage    Failure   Level
 Blink                    Tloc           66%        N/A       1%          2
 Confusing Touch          Hex            44%        N/A       1%          3
 Cause Fear               Hex            22%        N/A       2%          4
 Ensorcelled Hibernation  Hex/Ice        58%        N/A       3%          2
 Gell's Gravitas          Tloc           33%        N/A       3%          3
 Lesser Beckoning         Tloc           33%        N/A       3%          3
 Teleport Other           Tloc           33%        N/A       3%          3
 Summon Guardian Golem    Hex/Summ       29%        N/A       7%          3
 Poisonous Vapours        Pois/Air       42%        N/A       12%         2
 Foxfire                  Conj/Fire      56%        2x1d6     22%         1
 Magic Dart               Conj           56%        1d5       22%         1
 Necrotise                Necr           56%        1d6       22%         1
 Sting                    Tmut/Pois      56%        1d5       22%         1
 Anguish                  Hex/Necr       14%        N/A       22%         4
 Fulminant Prism          Conj/Hex       14%        3d9       22%         4
 Call Imp                 Summ           14%        N/A       32%         2
 Passwall                 Tmut/Erth      11%        N/A       32%         2
 Searing Ray              Conj           28%        2d5       32%         2
 Sublimation of Blood     Necr           14%        N/A       32%         2
 Wereblood                Tmut           14%        N/A       32%         2
 Mephitic Cloud           Conj/Pois/Air  18%        N/A       34%         3
 Manifold Assault         Tloc           33%        N/A       34%         5
 Conjure Flame            Conj/Fire      14%        6-21      54%         3
 Ozocubu's Armour         Ice            14%        N/A       54%         3
 Stone Arrow              Conj/Erth      28%        3d8       54%         3
 Vampiric Draining        Necr           14%        2d7       54%         3
 Metabolic Englaciation   Hex/Ice        14%        N/A       54%         5
 Yara's Violent Unravell  Hex/Tmut       14%        3d7       54%         5
 Summon Lightning Spire   Summ/Air       21%        N/A       61%         4
 Summon Forest            Summ/Tloc      11%        N/A       82%         5
 Dispersal                Tloc           16%        N/A       88%         6
 Enfeeble                 Hex            22%        N/A       90%         7
 Animate Armour           Summ/Erth      28%        N/A       91%         4
 Flame Wave               Conj/Fire      14%        2d6       91%         4
 Hailstorm                Conj/Ice       14%        3d5       91%         4
 Olgreb's Toxic Radiance  Pois           14%        N/A       91%         4
 Summon Ice Beast         Ice/Summ       14%        N/A       91%         4
 Freezing Cloud           Conj/Ice/Air   9%         6-21      97%         5
 Agony                    Necr           14%        N/A       99%         5
 Blade Hands              Tmut           7%         N/A       99%         5
 Irradiate                Conj/Tmut      7%         3d14      99%         5
 Iskenderun's Battlesphe  Conj           14%        2d7       99%         5
 Eringya's Noxious Bog    Tmut/Pois      7%         N/A       100%        6
 Iron Shot                Conj/Erth      7%         9d2       100%        6
 Simulacrum               Ice/Necr       7%         N/A       100%        6
 Dragon Form              Tmut           7%         N/A       100%        7
 Orb of Destruction       Conj           7%         9d6       100%        7
 Ozocubu's Refrigeration  Ice            7%         4d9       100%        7
 Spellforged Servitor     Conj/Summ      7%         N/A       100%        7
 Storm Form               Tmut/Air       10%        N/A       100%        7
 Summon Hydra             Summ           7%         N/A       100%        7
 Disjunction              Tloc           16%        N/A       100%        8
 Infestation              Necr           7%         N/A       100%        8
 Lehudib's Crystal Spear  Conj/Erth      7%         10d3      100%        8
 Maxwell's Capacitive Co  Air            14%        ∞         100%        8
 Polar Vortex             Ice            7%         N/A       100%        9


Dungeon Overview and Level Annotations

Branches:
Dungeon (15/15)            Temple (1/1) D:5            Lair (5/5) D:9
  Swamp (4/4) Lair:3       Spider (4/4) Lair:3        Slime (0/5) Lair:4
    Orc (2/2) D:9             Elf (3/3) Orc:2        Vaults (5/5) D:13
  Crypt (3/3) Vaults:2       Tomb (0/3) Crypt:3      Depths (4/4) D:15
    Zot (5/5) Depths:4      Sewer (visited)          Bailey (visited)
Gauntlet (visited)

Altars:
Ashenzari
Cheibriados
Dithmenos
Elyvilon
Fedhas
Gozag
Hepliaklqana
Kikubaaqudgha
Makhleb
Nemelex Xobeh
Okawaru
Qazlal
Ru
Sif Muna
Trog
Uskayaw
Vehumet
Wu Jian
Xom
Yredelemnul
Zin
The Shining One
Jiyva

Shops:
D:1 ?   D:2 ?   D:7 (   D:13 [   Orc:2 ==[[   Elf:1 [**[   Elf:3 [   Vaults:1 (
Vaults:5 !(!???!   Depths:2 (   Depths:4 =*

Portals:
Hell: Depths:1 Depths:2 Depths:3 Depths:4
Abyss: Depths:2 Depths:3 Depths:4
Pandemonium: Depths:1 Depths:2
Ziggurat: Depths:1
Trove: Vaults:2 (give +2 gold dragon scales)

Annotations:
D:6 growler's ghost, novice DsHW
Swamp:2 Nikola
Spider:1 1 runed translucent door, xzight's ghost, journeyman TrFi
Orc:2 2 transporters, xzight's ghost, journeyman TrFi
Elf:2 3 runed translucent doors
Vaults:4 1 runed translucent door, Forgeling's ghost, adept FeEn
Crypt:2 3 runed translucent doors, Nyubb's ghost, veteran MiGl
Depths:4 2 transporters


Innate Abilities, Weirdness & Mutations

You have razor-sharp teeth.
Your natural rate of healing is unusually fast.
When hurt, damage is shared between your health and your magic reserves.
Your bite disrupts and absorbs the magic of your enemies.
Potions cannot restore your health.
You are clumsy. (Dex -2)
You passively map a small area around you.
You occasionally shout uncontrollably at your foes.
You occasionally lose the ability to read scrolls when taking damage.


Message History

You fly upwards.
There is a stone staircase leading down here.
There is a stone staircase leading up here.
You fly upwards.
There is a stone staircase leading down here.
An angel comes into view. It is wielding a +3 whip of holy wrath.
You closely miss the angel. You bite the angel, but do no damage.
You hit the angel but do no damage. Your bite misses the angel.
You hit the angel. You bite the angel, but do no damage.
The angel is lightly wounded.
You block the angel's attack. The angel completely misses you.
You hit the angel but do no damage. You bite the angel.
The angel's magic leaks into the air.
You drain its magic.
The angel is lightly wounded.
The angel hits you but does no damage. The angel completely misses you.
You see here a staff of air.
The angel attacks as you move away! You block the angel's attack.
The angel hits you but does no damage. x3
The angel attacks as you move away! The angel closely misses you.
The angel hits you but does no damage.
The angel's magic is no longer disrupted.
You block the angel's attack. The angel closely misses you.
You block the angel's attack. The angel hits you but does no damage.
The angel attacks as you move away! The angel barely misses you.
You block the angel's attack.
There is an open door here.
The angel attacks as you move away!
The angel hits you with a +3 whip of holy wrath. x2
The angel completely misses you.
The angel hits you with a +3 whip of holy wrath.
The angel attacks as you move away! The angel hits you but does no damage.
You block the angel's attack.
Blink to where?
Press: ? - help, Dir - move target
As you read the scroll of blinking, it crumbles to dust.
Blink to where?
Press: ? - help, Dir - move target
As you read the scroll of blinking, it crumbles to dust.
Magic restored.
You have escaped!

#####............#########
....#........§...........#
###.##...........#######.#
#.##...........'....##.#
#.##...........####.##.#
#.#####.........# #.##.#
#.....#.........# #.##.#
#######.#.........###.##.#
........#.......@..##.##.#
#########....8.......[##.#
#...♣.....###.##.#
#.........# #.##.#
#.........# #.##.#
#.........# #.##.#
########### #.##.# #.##.#
#.##.#


There were no monsters in sight!

Vanquished Creatures
  5 dread liches
  5 orbs of fire
  3 ancient liches
  Mara (Vaults:2)
  A juggernaut (Depths:4)
  9 Killer Klowns
  Margery (Vaults:2)
  Bai Suzhen (Spider:3)
  Saint Roka (Vaults:2)
  the Lernaean hydra (Swamp:4)
  A curse toe (Zot:1)
  6 golden dragons
  2 bone dragons (Crypt:3)
  Jory (Crypt:1)
  the Enchantress (Depths:2)
  A Tzitzimitl (D:3)
  A Brimstone Fiend (D:14)
  2 electric golems (Zot:5)
  Mlioglotl (Swamp:3)
  19 tentacled monstrosities
  An Ice Fiend (Zot:5)
  A shard shrike skeleton (Crypt:1)
  9 liches
  2 walking crystal tomes
  9 quicksilver dragons
  2 walking frostbound tomes
  26 Orb Guardians
  5 titans
  5 death cobs
  8 ancient champions
  8 sphinxes
  Kirke (Swamp:1)
  8 shadow dragons
  5 revenants
  7 tengu reavers
  A fenstrider witch (Swamp:3)
  18 storm dragons
  4 draconian monks
  9 emperor scorpions
  4 deep elf sorcerers
  12 draconian knights
  6 frost giants
  Donald (Swamp:2)
  10 fire giants
  6 draconian scorchers
  8 ghost moths
  An iron dragon (Vaults:4)
  2 curse skulls
  Aizul (Swamp:3)
  13 vault wardens
  An orc warlord (Vaults:2)
  16 ironbound preservers
  11 ghouls
  5 draconian stormcallers (Zot:3)
  7 draconian shifters
  A deep elf elementalist (Elf:3)
  18 very ugly things
  11 spriggan defenders
  5 war gargoyles
  9 ironbound thunderhulks
  5 vampire knights
  3 broodmothers
  15 stone giants
  A reaper (Depths:4)
  3 caustic shrike skeletons (Crypt:3)
  3 eleionomae
  16 green draconians
  8 draconian annihilators
  14 black draconians
  A minotaur (Gauntlet)
  2 deep elf annihilators
  4 deep elf demonologists
  15 white draconians
  11 red draconians
  5 bunyips
  11 yellow draconians
  7 entropy weavers
  18 purple draconians
  15 dire elephants
  4 eidola
  7 spark wasps
  7 ettins
  A green death (Depths:2)
  8 deep elf death magi
  A crystal guardian (Vaults:2)
  11 fire dragons
  8 jiangshi
  6 deep elf high priests
  4 great orbs of eyes
  27 hydras
  8 ice dragons
  11 yaktaur captains
  2 quicksilver dragon skeletons (Crypt:3)
  6 spriggan air magi
  4 rakshasas
  2 peacekeepers
  31 vault guards
  An Orb Guardian zombie (Crypt:2)
  6 death knights
  4 ogre magi
  A hell beast (D:12)
  A two-headed ogre (shapeshifter) (Vaults:4)
  2 radroaches (Spider:2)
  15 centaur warriors
  8 boulder beetles
  2 jorogumos
  A fenstrider witch skeleton (Crypt:2)
  5 ironbound frosthearts
  An anaconda (shapeshifter) (Vaults:4)
  3 spriggan skeletons
  4 alligators
  2 tengu warriors
  4 two-headed ogres
  2 deep troll shamans
  7 deep troll earth magi
  4 orc high priests
  17 dancing weapons
  9 vampire magi
  A naga sharpshooter (Depths:4)
  Nergalle (D:10)
  Urug (Orc:1)
  6 spriggan berserkers
  4 soul eaters
  13 hell knights
  2 iron trolls (Depths:2)
  17 deep elf knights
  A titan skeleton (Crypt:3)
  Amaemon (D:9)
  A sun demon (Depths:3)
  Sonja (D:10)
  44 skeletal warriors
  2 shadow wraiths (Crypt:2)
  A sun moth (Spider:4)
  4 goliath frogs
  7 pharaoh ants
  51 deep trolls
  A fire crab (Lair:5)
  A sixfirhy (Zot:2)
  An entropy weaver zombie (Crypt:3)
  3 spriggan druids
  7 bog bodies
  10 flayed ghosts
  A steelbarb worm (shapeshifter) (Elf:3)
  14 orb spiders
  4 glowing orange brains
  7 steelbarb worms
  9 swamp dragons
  13 deep elf archers
  31 deep elf pyromancers
  11 wizards
  12 ironbound convokers
  8 harpies (Vaults:1)
  18 deep elf zephyrmancers
  10 phantasmal warriors
  An anaconda skeleton (Crypt:3)
  6 necromancers
  10 orc knights
  15 lindwurms
  A harpy (shapeshifter) (D:10)
  19 wolf spiders
  An iron dragon zombie (Crypt:2)
  28 ugly things
  An orange crystal statue (D:14)
  6 orc sorcerers
  A stone giant zombie (Crypt:1)
  2 wolf spiders (shapeshifter)
  3 manticores
  A cyclops (shapeshifter) (Vaults:4)
  A sphinx skeleton (Vaults:4)
  An iron dragon skeleton (Crypt:2)
  5 cyclopes
  4 will-o-the-wisps
  12 elephants
  25 moths of wrath
  13 vault sentinels
  3 black mambas
  4 guardian serpents (Depths:4)
  2 smoke demons
  A stone giant skeleton (Crypt:3)
  A centaur skeleton (Crypt:3)
  3 torpor snails
  2 orange demons
  A shock serpent skeleton (Crypt:3)
  11 cane toads
  2 elf skeletons
  2 naga skeletons
  5 freezing wraiths
  43 yaktaurs
  An unseen horror (D:13)
  A dire elephant skeleton (Crypt:3)
  5 rime drakes
  A tormentor (Depths:1)
  9 demonic crawlers
  A hellwing (Depths:2)
  8 komodo dragons
  A red draconian skeleton (Crypt:2)
  An efreet (D:13)
  A mana viper zombie (Crypt:1)
  3 ice devils
  A purple draconian skeleton (Crypt:2)
  A tengu conjurer (D:14)
  A catoblepas skeleton (Crypt:3)
  A sea snake skeleton (Crypt:2)
  11 polar bears
  A merfolk (D:11)
  A harpy zombie (Crypt:2)
  6 trolls
  12 tyrant leeches
  7 meliai
  A polar bear (shapeshifter) (D:10)
  4 raiju (Lair:5)
  4 harpy skeletons (Crypt:3)
  A wolf spider simulacrum (D:15)
  5 red devils
  A hydra skeleton (Crypt:3)
  A dream sheep (shapeshifter) (Elf:3)
  27 tarantellas
  7 dream sheep (Lair:4)
  10 blink frogs
  15 hornets
  47 slime creatures
  9 flying skulls (Crypt:3)
  An ettin skeleton (Crypt:3)
  26 jumping spiders
  12 wraiths
  A jumping spider (shapeshifter) (Vaults:5)
  A dire elephant simulacrum (Crypt:2)
  4 air elementals
  2 vampires
  20 spriggans
  9 shadows
  A fire elemental (Elf:1)
  26 culicivoras
  9 water elementals
  62 yaks
  5 hogs (Swamp:1)
  3 basilisks
  5 wyverns
  19 vampire mosquitoes
  2 neqoxecs
  A steam dragon (Lair:5)
  A chaos spawn (Depths:2)
  A yaktaur simulacrum (Vaults:4)
  73 redbacks
  8 wargs
  A naga (Depths:4)
  10 swamp worms
  4 acid dragons
  14 water moccasins
  A faun skeleton (Crypt:3)
  A merfolk zombie (Crypt:2)
  11 hell hounds (Lair:5)
  A merfolk skeleton (Crypt:1)
  A deep troll skeleton (Crypt:2)
  A floating eye (Depths:4)
  36 orc warriors
  2 ice beasts (D:6)
  A small abomination (D:15)
  14 black bears
  8 swamp drakes
  6 sky beasts
  A hornet zombie (Crypt:1)
  6 ogres
  13 wolves (Lair:5)
  6 boggarts
  A torpor snail zombie (Crypt:1)
  8 centaurs
  2 phantoms (D:9)
  A dream sheep skeleton (Crypt:2)
  A rime drake zombie (Crypt:2)
  5 kobold brigands
  6 necrophages
  18 bullfrogs
  A gnoll sergeant (D:5)
  A draconian skeleton (Crypt:3)
  A salamander skeleton (Crypt:3)
  3 earth elementals
  4 scorpions
  18 wights
  3 killer bees (D:9)
  A polar bear zombie (Crypt:2)
  4 electric eels
  4 howler monkeys
  A troll skeleton (Crypt:2)
  3 crimson imps
  A wolf skeleton (Crypt:3)
  4 quasits
  A centaur zombie (Crypt:3)
  A hound (D:6)
  19 orc priests
  3 jellies
  4 iguanas
  25 orc wizards
  6 ogre zombies (D:9)
  14 gnolls
  8 adders
  3 river rats (D:6)
  A steam dragon zombie (Crypt:3)
  6 worms
  3 dart slugs
  90 orcs
  5 endoplasms
  8 giant cockroaches
  10 goblins
  11 hobgoblins
  11 jackals
  21 kobolds
  3 quokkas
  8 ball pythons
  A ball python zombie (Crypt:3)
  5 bats
  3 frilled lizards
  3 goblin skeletons
  3 goblin zombies (D:9)
  3 hobgoblin zombies (D:9)
  An orc skeleton (D:9)
  10 orc zombies (D:9)
  6 rats
2322 creatures vanquished.

Vanquished Creatures (collateral kills)
  Mennas (Depths:4)
  A vault warden (Vaults:5)
2 creatures vanquished.

Vanquished Creatures (others)
  A vampire knight (Depths:3)
  A dancing weapon (Vaults:5)
  A skeletal warrior (Crypt:3)
  A demonic crawler (Spider:2)
  A yak (D:10)
  3 spriggans
  A human (Swamp:1)
  An orc priest (Orc:2)
  A kobold (D:11)
  A butterfly (Depths:3)
  2 demonic plants
  10 foxfires
  31 fungi
  62 plants
117 creatures vanquished.

Grand Total: 2441 creatures vanquished

Notes
Turn   | Place    | Note
-------+----------+-------------------------------------------
     0 | D:1      | oldriver the Vine Stalker Arcane Marksman began the quest
                  | for the Orb.
     0 | D:1      | Reached XP level 1. HP: 9/9 MP: 3/3
    47 | D:1      | Reached skill level 1 in Stealth
   129 | D:1      | Reached XP level 2. HP: 14/14 MP: 4/4
   466 | D:1      | Found Ugibij's Magic Scroll Emporium.
   762 | D:2      | Found a faded altar of an unknown god.
   975 | D:2      | Found Ocoo's Magic Scroll Shoppe.
  1406 | D:2      | Reached skill level 1 in Fighting
  1406 | D:2      | Reached XP level 3. HP: 18/18 MP: 5/5
  2065 | D:3      | Identified the +1 cloak of Jogism {rCorr Dex+6 Stlth-}
  2157 | D:3      | Reached skill level 2 in Fighting
  2311 | D:3      | Gained mutation: Your natural rate of healing is unusually
                  | fast. [Vine Stalker growth]
  2311 | D:3      | Reached XP level 4. HP: 23/23 MP: 6/6
  2465 | D:3      | Identified the +0 leather armour "Ythrom" {Regen+ rCorr
                  | SInv}
  2710 | D:4      | Noticed a necrophage
  2721 | D:4      | Killed a necrophage
  2722 | D:4      | Reached skill level 3 in Fighting
  2722 | D:4      | Reached skill level 5 in Stealth
  2722 | D:4      | Reached XP level 5. HP: 25/28 MP: 3/7
  3055 | D:4      | You fall into a shaft and drop 1 floor!
  3055 | D:5      | Entered Level 5 of the Dungeon
  3912 | D:5      | Reached XP level 6. HP: 32/32 MP: 8/8
  3972 | D:5      | Found a staircase to the Ecumenical Temple.
  3977 | Temple   | Entered the Ecumenical Temple
  4019 | Temple   | Became a worshipper of Elyvilon the Healer
  4223 | D:4      | Identified a scroll of acquirement
  4223 | D:4      | Acquired the ring "Nukhlent" {rPois Will+ Str-4 Int+2
                  | Stlth+}
  4815 | D:6      | Reached * piety under Elyvilon
  4878 | D:6      | Reached skill level 1 in Shields
  4878 | D:6      | Reached XP level 7. HP: 36/36 MP: 7/9
  4934 | D:6      | Reached skill level 1 in Armour
  4964 | D:6      | Found a glowing drain.
  4994 | Sewer    | Entered a sewer
  5477 | D:6      | Gained mutation: You have razor-sharp teeth. [Vine Stalker
                  | growth]
  5477 | D:6      | Reached XP level 8. HP: 30/40 MP: 3/10
  5643 | D:6      | Found a transporter.
  5717 | D:6      | Noticed growler's ghost (novice DsHW)
  5798 | D:6      | Reached ** piety under Elyvilon
  5980 | D:6      | Found a transporter.
  6123 | D:6      | Reached skill level 5 in Ranged Weapons
  6277 | D:6      | Learned a level 3 spell: Portal Projectile
  6281 | D:6      | Learned a level 3 spell: Tukima's Dance
  6464 | D:7      | Found a flagged portal.
  6472 | Bailey   | Entered a bailey
  6511 | Bailey   | Noticed an orc knight
  7226 | Bailey   | Killed an orc knight
  7227 | Bailey   | Reached skill level 4 in Fighting
  7227 | Bailey   | Reached XP level 9. HP: 45/45 MP: 12/15
  7845 | D:7      | Reached *** piety under Elyvilon
  8040 | D:7      | Noticed a hornet
  8179 | D:7      | Found Custyleoj's Antique Weapon Shoppe.
  8304 | D:7      | Killed a hornet
  8322 | D:7      | Found a blossoming altar of Fedhas.
  8364 | D:7      | Found a glowing silver altar of Zin.
  8564 | D:8      | Reached XP level 10. HP: 33/49 MP: 6/18
  8568 | D:8      | Reached skill level 5 in Spellcasting
  8689 | D:8      | Noticed a two-headed ogre
  8691 | D:8      | Reached skill level 5 in Hexes
  8862 | D:8      | Killed a two-headed ogre
  9260 | D:8      | Found a shadowy altar of Dithmenos.
  9493 | D:8      | Reached **** piety under Elyvilon
  9820 | D:9      | Reached skill level 10 in Ranged Weapons
 10293 | D:9      | Noticed an orange demon
 10316 | D:9      | Killed an orange demon
 10345 | D:9      | Noticed Amaemon
 10365 | D:9      | Found a staircase to the Orcish Mines.
 10397 | D:9      | Found a staircase to the Lair.
 10585 | D:2      | Bought a scroll of acquirement for 728 gold pieces
 10587 | D:2      | Acquired the +3 greatsling "Punk" {acid, rCorr}
 10587 | D:2      | Found the +3 greatsling "Punk" {acid, rCorr}
 10754 | D:6      | Learned a level 3 spell: Inner Flame
 10840 | D:9      | Reached XP level 11. HP: 53/53 MP: 21/21
 10847 | Lair:1   | Entered Level 1 of the Lair of Beasts
 10906 | Lair:1   | Noticed a seven-headed hydra
 10920 | Lair:1   | Killed a seven-headed hydra
 11154 | Lair:1   | Noticed an eight-headed hydra
 11169 | Lair:1   | Killed an eight-headed hydra
 11323 | Lair:1   | Reached ***** piety under Elyvilon
 11774 | Lair:2   | Noticed a six-headed hydra
 11786 | Lair:2   | Killed a six-headed hydra
 12451 | Lair:3   | Reached XP level 12. HP: 58/58 MP: 23/23
 12824 | Lair:3   | Found a staircase to the Swamp.
 13026 | Lair:3   | Reached skill level 5 in Fighting
 13041 | Lair:3   | Found a hole to the Spider Nest.
 14170 | Lair:4   | Found a viscous altar of Jiyva.
 14170 | Lair:4   | Found a staircase to the Slime Pits.
 14204 | Lair:4   | Reached ****** piety under Elyvilon
 14205 | Lair:4   | Found a gate leading to a gauntlet.
 14239 | Gauntlet | Entered a Gauntlet
 14239 | Gauntlet | Found a transporter.
 14239 | Gauntlet | Found a transporter.
 14265 | Gauntlet | Found a transporter.
 14265 | Gauntlet | Found a transporter.
 14275 | Gauntlet | Found a transporter.
 14277 | Gauntlet | Found a transporter.
 14287 | Gauntlet | Found a transporter.
 14307 | Gauntlet | Found a transporter.
 14322 | Gauntlet | Found a transporter.
 14325 | Gauntlet | Found a transporter.
 14336 | Gauntlet | Found a transporter.
 14336 | Gauntlet | Found a transporter.
 14642 | Gauntlet | Noticed a boulder beetle
 14647 | Gauntlet | Noticed an anaconda
 14665 | Gauntlet | Noticed a radroach
 14666 | Gauntlet | Noticed a great orb of eyes
 14666 | Gauntlet | a radroach changed into a great orb of eyes
 14676 | Gauntlet | Noticed a six-headed hydra
 14676 | Gauntlet | a great orb of eyes changed into a six-headed hydra
 14686 | Gauntlet | Noticed a bunyip
 14686 | Gauntlet | a six-headed hydra changed into a bunyip
 14693 | Gauntlet | Identified the ring of Bukhasuk {rC- rN+ Will+ Str+4}
 14702 | Gauntlet | Noticed a minotaur
 14730 | Gauntlet | Killed a minotaur
 14730 | Gauntlet | Noticed a quicksilver ooze
 14730 | Gauntlet | a goliath frog changed into a quicksilver ooze
 14731 | Gauntlet | Reached skill level 6 in Fighting
 14731 | Gauntlet | Reached skill level 5 in Dodging
 14732 | Gauntlet | Noticed a storm dragon
 14732 | Gauntlet | a quicksilver ooze changed into a storm dragon
 14739 | Gauntlet | Noticed an entropy weaver
 14739 | Gauntlet | a storm dragon changed into an entropy weaver
 14741 | Gauntlet | Noticed a death yak
 14741 | Gauntlet | an entropy weaver changed into a death yak
 14751 | Gauntlet | Noticed a minotaur
 14751 | Gauntlet | a death yak changed into a minotaur
 14754 | Gauntlet | Noticed a satyr
 14754 | Gauntlet | a minotaur changed into a satyr
 14756 | Gauntlet | a satyr changed into a wolf spider
 14758 | Gauntlet | Noticed a jorogumo
 14758 | Gauntlet | a wolf spider changed into a jorogumo
 14768 | Gauntlet | Noticed a quicksilver ooze
 14768 | Gauntlet | a jorogumo changed into a quicksilver ooze
 14774 | Gauntlet | Noticed an ice dragon
 14774 | Gauntlet | a quicksilver ooze changed into an ice dragon
 14780 | Gauntlet | Noticed a jorogumo
 14780 | Gauntlet | an ice dragon changed into a jorogumo
 14991 | Lair:4   | Reached XP level 13. HP: 65/65 MP: 26/26
 15869 | Lair:5   | Entered Level 5 of the Lair of Beasts
 15945 | Lair:4   | Reached skill level 7 in Fighting
 15967 | Lair:5   | Reached skill level 5 in Shields
 16355 | Lair:5   | Reached skill level 8 in Fighting
 16674 | Lair:5   | Noticed a fire dragon
 16865 | D:9      | Killed Amaemon
 17169 | D:10     | Entered Level 10 of the Dungeon
 17172 | D:10     | Noticed Nergalle
 17183 | D:10     | Killed Nergalle
 17480 | D:10     | Noticed Sonja
 17488 | D:10     | Reached XP level 14. HP: 63/74 MP: 16/28
 17519 | D:10     | Killed Sonja
 17803 | D:10     | Identified the +2 mace of Cyufac {flame, Will+++ Str-5
                  | Dex+4 Stlth-}
 17831 | D:10     | Got Haff's Folio of Exhumation and Rime
 18082 | D:10     | Reached skill level 9 in Fighting
 18469 | D:2      | Bought a scroll of acquirement for 728 gold pieces
 18469 | D:2      | Bought a scroll of enchant armour for 105 gold pieces
 18470 | D:2      | Acquired 953 gold pieces
 18627 | Orc:1    | Entered Level 1 of the Orcish Mines
 18747 | Orc:1    | Noticed Urug
 18751 | Orc:1    | Killed Urug
 18752 | Orc:1    | Reached skill level 10 in Spellcasting
 19146 | Orc:2    | Entered Level 2 of the Orcish Mines
 19743 | Orc:2    | Found a staircase to the Elven Halls.
 19909 | Orc:2    | Found Bahirchir's Armour Boutique.
 19909 | Orc:2    | Found Dema's Antique Armour Emporium.
 19911 | Orc:2    | Found Qezuhuca's Jewellery Emporium.
 19911 | Orc:2    | Found Roungey's Jewellery Boutique.
 19927 | Orc:2    | Bought a pair of glowing gloves for 195 gold pieces
 19971 | Orc:2    | Noticed xzight's ghost (journeyman TrFi)
 20051 | Orc:2    | Found a transporter.
 20059 | Orc:2    | Found a transporter.
 20715 | D:10     | Reached skill level 1 in Invocations
 20835 | D:11     | Reached skill level 10 in Fighting
 21407 | D:11     | Reached XP level 15. HP: 80/80 MP: 31/31
 22494 | D:13     | Found Wuxin's Antique Armour Shop.
 22499 | D:13     | Bought an ichor-stained leather armour for 245 gold pieces
 22499 | D:13     | Identified the +1 leather armour "Nacsyg" {rElec Str+5}
                  | (You bought it in a shop on level 13 of the Dungeon)
 22663 | D:13     | Found a gate to the Vaults.
 22832 | D:13     | Found an opulent altar of Gozag.
 23913 | Lair:5   | Reached skill level 5 in Armour
 24841 | Lair:5   | Reached skill level 5 in Invocations
 25034 | Swamp:1  | Entered Level 1 of the Swamp
 25349 | Swamp:1  | Reached skill level 11 in Fighting
 25498 | Swamp:1  | Noticed Kirke
 25507 | Swamp:1  | Killed Kirke
 26065 | Swamp:1  | Reached XP level 16. HP: 71/87 MP: 11/33
 26235 | Swamp:2  | Noticed Nikola
 26955 | Swamp:2  | Noticed Donald
 27152 | Swamp:2  | Killed Donald
 27583 | Swamp:2  | Reached XP level 17. HP: 91/91 MP: 27/34
 28284 | Swamp:3  | Noticed Mlioglotl
 28413 | Swamp:3  | Noticed Aizul
 28440 | Swamp:3  | Killed Aizul
 29115 | Swamp:3  | Killed Mlioglotl
 29522 | Swamp:4  | Entered Level 4 of the Swamp
 29603 | Spider:1 | Entered Level 1 of the Spider Nest
 29794 | Spider:1 | Noticed xzight's ghost (journeyman TrFi)
 29803 | Spider:1 | Found a runed translucent door.
 30464 | Spider:1 | Reached skill level 12 in Fighting
 31205 | Spider:2 | Reached skill level 5 in Evocations
 32125 | Spider:2 | Reached skill level 1 in Translocations
 32434 | Spider:2 | Reached XP level 18. HP: 98/98 MP: 29/36
 35567 | Spider:3 | Noticed Bai Suzhen
 36811 | D:15     | Entered Level 15 of the Dungeon
 37281 | D:15     | Identified the +5 falchion "Begafuod" {venom, rC+++ rCorr
                  | Str+4 Int-2}
 37584 | D:15     | Found a staircase to the Depths.
 38161 | Elf:1    | Entered Level 1 of the Elven Halls
 38391 | Spider:3 | Killed Bai Suzhen
 38392 | Spider:3 | Reached skill level 13 in Fighting
 39296 | D:1      | Bought a scroll of blinking for 97 gold pieces
 39296 | D:1      | Bought a scroll of enchant armour for 97 gold pieces
 39296 | D:1      | Bought a scroll of teleportation for 39 gold pieces
 39586 | Spider:4 | Entered Level 4 of the Spider Nest
 40518 | Spider:3 | Reached skill level 10 in Invocations
 41817 | Spider:4 | Reached skill level 5 in Translocations
 42294 | Spider:4 | Reached XP level 19. HP: 104/104 MP: 21/38
 42361 | Spider:4 | Reached skill level 10 in Dodging
 45311 | Spider:4 | Identified the +1 hat "Givvetiv" {Regen+ Int+5 Stlth+}
 45316 | Spider:4 | Got a gossamer rune of Zot
 46435 | Swamp:4  | Identified the +0 hat of Jewnoc {rC+ Str+2}
 46569 | Swamp:4  | Identified the +1 chain mail of Hysteria {rN++}
 47224 | Swamp:4  | Noticed the 27-headed Lernaean hydra
 48126 | Swamp:4  | Killed the 27-headed Lernaean hydra
 48256 | Swamp:4  | Reached skill level 10 in Hexes
 48401 | Swamp:4  | Got a decaying rune of Zot
 48711 | Depths:1 | Entered Level 1 of the Depths
 48792 | Vaults:1 | Entered Level 1 of the Vaults
 49069 | Vaults:1 | Reached skill level 15 in Spellcasting
 49118 | Vaults:1 | Found Ariommes's Weapon Shoppe.
 49145 | Vaults:1 | Found a flickering gateway to a bazaar.
 49151 | Bazaar   | Entered a bazaar
 49156 | Bazaar   | Found Raggucwimest's Antique Weapon Boutique.
 49157 | Bazaar   | Found Oklakh's Antique Weapon Shop.
 49184 | Bazaar   | Found Raycoeg's Weapon Emporium.
 49184 | Bazaar   | Found Lymykini's Antique Weapon Shoppe.
 49206 | Bazaar   | Found Zenem's Assorted Antiques.
 49211 | Bazaar   | Bought a potion of magic for 104 gold pieces
 49211 | Bazaar   | Bought a potion of curing for 39 gold pieces
 49229 | Bazaar   | Found Wunt's Antique Armour Boutique.
 49234 | Bazaar   | Bought an ancient ring mail for 207 gold pieces
 49234 | Bazaar   | Identified the +1 ring mail "Ponihuok" {Int+5} (You bought
                  | it in a shop in a bazaar)
 49241 | Bazaar   | Bought a pair of runed boots for 172 gold pieces
 49241 | Bazaar   | Bought a glowing scarf for 184 gold pieces
 49989 | Vaults:1 | Reached skill level 14 in Fighting
 50040 | Vaults:1 | HP: 3/106 [ironbound frostheart/creeping frost (17)]
 50809 | Vaults:1 | Reached XP level 20. HP: 111/111 MP: 34/40
 52637 | Depths:1 | Found a one-way gateway to a ziggurat.
 52985 | Depths:1 | Found a gateway to Hell.
 53494 | Depths:1 | Found a one-way gate leading to the halls of Pandemonium.
 53802 | Depths:2 | Found Zalas's Antique Weapon Shoppe.
 56041 | Elf:1    | Found Neirer's General Store.
 56041 | Elf:1    | Found Ihosimn's General Store.
 56042 | Elf:1    | Found Tucwi's Armour Shoppe.
 56044 | Elf:1    | Found Vyinuom's Antique Armour Emporium.
 56101 | Elf:1    | Bought a scroll of teleportation for 48 gold pieces
 56513 | Elf:1    | Paralysed by an air elemental for 1 turns
 56677 | Elf:1    | Reached skill level 15 in Fighting
 57658 | Elf:2    | Found a runed translucent gate.
 57659 | Elf:2    | Found a runed translucent gate.
 57659 | Elf:2    | Found a runed translucent gate.
 58003 | Elf:2    | Reached XP level 21. HP: 121/146 MP: 13/52
 58274 | Elf:1    | Paralysed by an air elemental for 1 turns
 58282 | Elf:1    | Paralysed by an air elemental for 1 turns
 58801 | Elf:1    | Bought a +0 buckler of poison resistance for 85 gold pieces
 58842 | Elf:1    | Bought glowing ice dragon scales for 2520 gold pieces
 59024 | Elf:3    | Entered Level 3 of the Elven Halls
 59951 | Elf:3    | Found Toiph's Armour Shop.
 61207 | Depths:1 | Reached skill level 10 in Stealth
 62554 | Vaults:2 | Noticed Margery
 62671 | Vaults:1 | Reached skill level 1 in Short Blades
 62853 | Vaults:2 | Killed Margery
 63072 | Vaults:2 | Noticed Mara
 63074 | Vaults:2 | Noticed oldriver's illusion
 63609 | Vaults:2 | Reached skill level 5 in Short Blades
 63923 | Vaults:2 | Found a staircase to the Crypt.
 64179 | Vaults:2 | Noticed Saint Roka
 64312 | Vaults:2 | Found a portal to a secret trove of treasure.
 64347 | Vaults:2 | Noticed oldriver's illusion
 64379 | Vaults:2 | Killed Mara
 64726 | Vaults:2 | Killed Saint Roka
 65186 | Vaults:2 | Reached XP level 22. HP: 105/123 MP: 34/44
 65783 | Vaults:3 | Identified the +3 broad axe of Domination {vamp, Fly rC+
                  | Int+4}
 66946 | Vaults:3 | Reached skill level 16 in Fighting
 68097 | Vaults:4 | Reached skill level 10 in Armour
 68250 | Vaults:4 | Found a runed translucent door.
 68250 | Vaults:4 | Found a shimmering altar of Xom.
 68250 | Vaults:4 | Noticed Forgeling's ghost (adept FeEn)
 68528 | Vaults:4 | Found a huge runed gate.
 68528 | Vaults:4 | Found a huge runed gate.
 68528 | Vaults:4 | Found a huge runed gate.
 68530 | Vaults:4 | Found a huge runed gate.
 68530 | Vaults:4 | Found a huge runed gate.
 68531 | Vaults:4 | Found a huge runed gate.
 68532 | Vaults:4 | Found a huge runed gate.
 68532 | Vaults:4 | Found a huge runed gate.
 68532 | Vaults:4 | Found a huge runed gate.
 68532 | Vaults:4 | Found a huge runed gate.
 68532 | Vaults:4 | Found a huge runed gate.
 68533 | Vaults:4 | Found a huge runed gate.
 68534 | Vaults:4 | Found a huge runed gate.
 68534 | Vaults:4 | Found a huge runed gate.
 68535 | Vaults:4 | Found a huge runed gate.
 68536 | Vaults:4 | Found a huge runed gate.
 68537 | Vaults:4 | Found a huge runed gate.
 68545 | Vaults:4 | Found a huge runed gate.
 68545 | Vaults:4 | Found a huge runed gate.
 68545 | Vaults:4 | Found a huge runed gate.
 68545 | Vaults:4 | Found a huge runed gate.
 68545 | Vaults:4 | Found a huge runed gate.
 68545 | Vaults:4 | Found a huge runed gate.
 68546 | Vaults:4 | Found a huge runed gate.
 68547 | Vaults:4 | Found a huge runed gate.
 68548 | Vaults:4 | Found a huge runed gate.
 68556 | Vaults:4 | Found a huge runed gate.
 68556 | Vaults:4 | Found a huge runed gate.
 68556 | Vaults:4 | Found a huge runed gate.
 68556 | Vaults:4 | Found a huge runed gate.
 68556 | Vaults:4 | Found a huge runed gate.
 68556 | Vaults:4 | Found a huge runed gate.
 68557 | Vaults:4 | Found a huge runed gate.
 68558 | Vaults:4 | Found a huge runed gate.
 68559 | Vaults:4 | Found a huge runed gate.
 68567 | Vaults:4 | Found a huge runed gate.
 69201 | Vaults:4 | Noticed an ancient lich
 69201 | Vaults:4 | Noticed a dread lich
 69203 | Vaults:4 | Noticed a golden dragon
 69214 | Vaults:4 | Reached skill level 17 in Fighting
 69839 | Depths:2 | You are sucked into a shaft and drop 1 floor!
 70419 | Depths:2 | Found a one-way gate to the infinite horrors of the Abyss.
 70892 | Depths:3 | Reached XP level 23. HP: 120/131 MP: 40/45
 70947 | Depths:3 | Noticed the Enchantress
 71069 | Depths:4 | Entered Level 4 of the Depths
 71248 | Depths:4 | Found Nufisipp's Jewellery Emporium.
 71339 | Depths:4 | Identified the ring of Perchic {rC+ Int+6 Dex+3}
 71353 | Depths:4 | Learned a level 4 spell: Passage of Golubria
 71357 | Depths:4 | Learned a level 3 spell: Swiftness
 71460 | Depths:4 | Reached skill level 1 in Air Magic
 71506 | Depths:4 | Found Zirchotwo's General Store.
 71520 | Depths:4 | Bought a scroll of teleportation for 54 gold pieces
 71520 | Depths:4 | Bought 3 scrolls of blinking for 405 gold pieces
 71719 | Depths:4 | Identified the ring "Wess" {rF+ Will+ AC+4 Str-5}
 71771 | Depths:4 | Found a transporter.
 72091 | Depths:4 | Found a transporter.
 72292 | Depths:4 | Bought the ring "Biri" {rPois rC+ Will+ Str+3} for 872 gold
                  | pieces
 72445 | Depths:4 | Paralysed by a floating eye for 3 turns
 72475 | Depths:4 | Noticed Mennas
 72585 | Depths:4 | Identified the +0 kite shield of Pyhieh {Harm}
 72916 | Depths:2 | Killed the Enchantress
 73264 | Depths:3 | Found a white marble altar of Elyvilon.
 74702 | Vaults:4 | Killed an ancient lich
 74703 | Vaults:4 | Reached skill level 5 in Air Magic
 74816 | Vaults:4 | Reached skill level 18 in Fighting
 75060 | Vaults:4 | Killed a dread lich
 75187 | Vaults:4 | Reached XP level 24. HP: 118/137 MP: 39/46
 75419 | Vaults:5 | Entered Level 5 of the Vaults
 76179 | Vaults:5 | Noticed an ancient lich
 76381 | Vaults:4 | Killed an ancient lich
 76798 | Vaults:4 | Reached skill level 19 in Fighting
 79048 | Vaults:5 | Found Vynav's Weapon Shoppe.
 79073 | Vaults:5 | Found the +10 tower shield of Ignorance {rN+ Int-4}
 79172 | Vaults:5 | Found Veobirapp's Magic Scroll Emporium.
 79172 | Vaults:5 | Found Qoyroj's Distillery.
 79177 | Vaults:5 | Bought a scroll of teleportation for 42 gold pieces
 79177 | Vaults:5 | Bought a scroll of blinking for 105 gold pieces
 79177 | Vaults:5 | Bought a scroll of teleportation for 42 gold pieces
 79184 | Vaults:5 | Bought a potion of haste for 160 gold pieces
 79184 | Vaults:5 | Bought 2 potions of might for 128 gold pieces
 79191 | Vaults:5 | Got a silver rune of Zot
 79207 | Vaults:5 | Found Rodesash's Magic Scroll Shop.
 79207 | Vaults:5 | Found Nulues's Magic Scroll Emporium.
 79212 | Vaults:5 | Bought a scroll of blinking for 120 gold pieces
 79212 | Vaults:5 | Bought a scroll of blinking for 120 gold pieces
 79212 | Vaults:5 | Bought a scroll of enchant armour for 120 gold pieces
 79231 | Vaults:5 | Found Likymnic's Distillery.
 79267 | Vaults:5 | Found Duosm's Distillery.
 79300 | Vaults:5 | Found the +4 robe of Folly {Brilliance Will-∞ Int+8}
 79309 | Vaults:5 | Identified the +5 morningstar of Doom {holy, rPois rC+
                  | Will+ MP+9 Str-2}
 79385 | Vaults:5 | Got the Exposition on Bewitching Production
 79646 | Vaults:5 | Reached XP level 25. HP: 145/145 MP: 47/47
 80135 | Depths:4 | Identified the ring "Beyleadia" {rC+ Str+5 Dex+7}
 80153 | Depths:4 | Noticed a juggernaut
 80200 | Depths:4 | Killed a juggernaut
 80243 | Depths:4 | Identified the +9 short sword of Amui {flame, rC+ Str+10
                  | Int-5 Dex+4}
 80252 | Depths:4 | Found a gate to the Realm of Zot.
 80500 | Depths:4 | Reached XP level 26. HP: 151/151 MP: 47/47
 80632 | Depths:4 | Killed Mennas
 80779 | Zot:1    | Entered Level 1 of the Realm of Zot
 81205 | Crypt:1  | Entered Level 1 of the Crypt
 81545 | Crypt:1  | Noticed Jory
 82402 | Crypt:1  | Killed Jory
 83841 | Crypt:2  | Found a runed translucent gate.
 83841 | Crypt:2  | Found a runed translucent gate.
 83841 | Crypt:2  | Found a runed translucent gate.
 83842 | Crypt:2  | Noticed Nyubb's ghost (veteran MiGl)
 84071 | Crypt:3  | Entered Level 3 of the Crypt
 84600 | Crypt:3  | Reached skill level 20 in Fighting
 85339 | Crypt:3  | Found an ancient bone altar of Kikubaaqudgha.
 85757 | Crypt:3  | Found a staircase to the Tomb.
 85834 | Crypt:3  | Found a basalt altar of Yredelemnul.
 85946 | Crypt:3  | Reached skill level 10 in Evocations
 85982 | Crypt:3  | Identified the amulet "Qouxes" {Regen+ Int-4 Dex+4 Stlth+}
 85982 | Crypt:3  | Identified the ring of Evyh {rN+ rCorr Str+4 Dex+5 Stlth-}
 85982 | Crypt:3  | Identified the ring "Seuluw" {rN+ Will++}
 86512 | Crypt:3  | Noticed a dread lich
 86534 | Crypt:3  | Killed a dread lich
 86560 | Crypt:3  | Identified the +1 rapier of War {elec, Int+9}
 86561 | Crypt:3  | Identified the ring "Decesiked" {MP+9 Str+2 Dex+2}
 86574 | Crypt:3  | Identified the quicksilver dragon scales of Card Tricks
                  | {rF- rC+++ Will+ rCorr Dex+3}
 86744 | Crypt:3  | Reached XP level 27. HP: 132/156 MP: 40/48
 87813 | Zot:2    | Reached skill level 10 in Shields
 88214 | Zot:1    | Noticed an orb of fire
 88217 | Zot:1    | Gained mutation: Your body sometimes deteriorates upon
                  | taking damage. [an orb of fire]
 88238 | Zot:1    | Killed an orb of fire
 88239 | Zot:1    | Reached skill level 15 in Stealth
 88874 | Zot:2    | Identified the +9 battleaxe "Nuab" {freeze, *Rage +Blink
                  | rN++}
 89507 | Zot:2    | Got the Codex of Graupel
 93521 | Zot:4    | Reached skill level 21 in Fighting
 93787 | Zot:5    | Entered Level 5 of the Realm of Zot
 95429 | Zot:5    | Noticed a dread lich
 95442 | Zot:5    | Killed a dread lich
 96436 | Zot:4    | Reached skill level 15 in Shields
 96637 | Zot:5    | Noticed an ancient lich
 96679 | Zot:5    | Killed an ancient lich
 96964 | Zot:5    | Noticed a dread lich
 96987 | Zot:5    | Killed a dread lich
 97038 | Zot:5    | Noticed a dread lich
 97087 | Zot:5    | Killed a dread lich
 97092 | Zot:5    | Noticed an orb of fire
 97396 | Zot:5    | Gained mutation: You are occasionally teleported next to
                  | monsters. [an orb of fire]
 97434 | Zot:5    | Killed an orb of fire
 97441 | Zot:5    | Lost mutation: Your body sometimes deteriorates upon taking
                  | damage. [potion of mutation]
 97441 | Zot:5    | Lost mutation: You are occasionally teleported next to
                  | monsters. [potion of mutation]
 97441 | Zot:5    | Gained mutation: You passively map a small area around you.
                  | [potion of mutation]
 97441 | Zot:5    | Gained mutation: You occasionally shout uncontrollably at
                  | your foes. [potion of mutation]
 97952 | Zot:5    | Reached skill level 15 in Invocations
 99122 | Zot:5    | Noticed an orb of fire
 99379 | Zot:5    | Noticed an orb of fire
 99387 | Zot:5    | Noticed an orb of fire
 99419 | Zot:5    | Killed an orb of fire
 99423 | Zot:5    | Gained mutation: You occasionally lose the ability to read
                  | scrolls when taking damage. [an orb of fire]
 99437 | Zot:5    | Gained mutation: You are clumsy. (Dex -2) [an orb of fire]
 99451 | Zot:5    | Killed an orb of fire
 99467 | Zot:5    | Killed an orb of fire
 99782 | Zot:5    | Got the Orb of Zot
 99927 | Depths:4 | Reached skill level 22 in Fighting
100081 | Depths:1 | Noticed Deomua the pandemonium lord
100378 | D:$      | Escaped with the Orb!

Illustrated notes

Levels and vault maps discovered:
D:1:      wander_arrival_peaceful_grave, layout_basic, serial_shops, shop
D:2:      layout_basic, shapermc_ecumenical_altar_gd, serial_shops, shop,
          item_on_display_a
D:3:      layout_rooms, serial_forest, infiniplex_forest_end_2,
          infiniplex_forest_lined_ring, infiniplex_forest_lined_2,
          infiniplex_forest_clump_cross, infiniplex_forest_straight_3,
          infiniplex_forest_lined_2, infiniplex_forest_clump_tiny,
          infiniplex_forest_corner_2, kennysheep_potato
D:4:      layout_layer_cave
D:5:      layout_cave_pools, minmay_temple_entry_sparse_star,
          serial_column_ruins, column_ruins_grid_1, column_ruins_open_small,
          column_ruins_grid_3, column_ruins_open_small
D:6:      layout_basic, gup_sewer_entry_bubbles, gammafunk_ghost_stat_death,
          corexii_corridor_pit, chequers_avenue, st_stairs_5,
          minmay_misc_feat_room, minmay_misc_feat_secret_circle
D:7:      layout_rooms, mainiacjoe_overflow_large_starburst, serial_shops,
          kennysheep_mini_moat, lightli_bailey_entry_fortress,
          eino_small_chamber_without_monster
D:8:      layout_cave_pods, nicolae_dithmenos_the_darkroom
D:9:      layout_basic, grunt_lair_entry_orc_guard_hut, zombieorc1_lemuel,
          uniq_amaemon
D:10:     minmay_the_grid_plus [minmay_the_grid_outer_diamond,
          minmay_the_grid_diamond_grid, minmay_the_grid_dragon_b,
          minmay_the_grid_pillar_ring,
          minmay_the_grid_prize_four_corners_diamond_a], layout_basic,
          uniq_nergalle, uniq_sonja
D:11:     layout_small_grid, serial_demonic, serial_demonic_g, serial_demonic_a,
          serial_demonic_c, serial_demonic_d, reono_crystal_passage,
          hangedman_stone_soup
D:12:     layout_roguey, kennysheep_generic_room_5
D:13:     layout_basic, hangedman_vaults_entry_quadrant_bands, serial_shops,
          kennysheep_little_box, nicolae_gozag_cash_rules_everything_around_me
D:14:     minmay_separated_statues, layout_basic, chequers_serial_rivers_small_b
D:15:     hangedman_depths_entry_try_elsewhere_first, layout_irregular_city,
          nzn_life_drinkers
Temple:   hellmonk_temple_of_storms
Lair:1:   layout_gridlike, serial_bayou_shore_a, lemuel_fruit_tree,
          grunt_megastairs_3
Lair:2:   layout_roguey
Lair:3:   layout_layer_cave, swamp_mist, nicolae_spider_entry_orb_guardian,
          nicolae_lair_lil_pond
Lair:4:   layout_concentric_octagons, dpeg_slime_entry_enclosed,
          gauntlet_entry_generic
Lair:5:   guppyfry_lair_end_dragon, layout_gridlike,
          hangedman_lair_caniforms_friends, chequers_serial_rivers_micro_b,
          st_stairs_6
Swamp:1:  layout_basic_swamp, evilmike_swamp_ruin_wall, swamp_pool3, uniq_kirke
Swamp:2:  layout_basic_swamp, serial_swamp_ruin, evilmike_swamp_ruin_rubble_2,
          hangedman_swamp_ruin_hall, evilmike_swamp_ruin_house_1, uniq_nikola,
          uniq_donald
Swamp:3:  layout_basic_swamp, nicolae_swamp_triple_paths, swamp_pool3,
          cheibrodos_swamp_witchery, uniq_aizul, uniq_mlioglotl
Swamp:4:  swamp_old_school, layout_basic_swamp, swamp_pool4
Spider:1: layout_spider_delve, hellmonk_ghost_happy_afterlife
Spider:2: nicolae_spider_hilbert_zone_3 [nicolae_spider_hilbert_4_sides_2_open,
          nicolae_spider_hilbert_3_sides_1_open,
          nicolae_spider_hilbert_3_sides_1_open,
          nicolae_spider_hilbert_3_sides_1_open,
          nicolae_spider_hilbert_3_sides_1_open,
          nicolae_spider_hilbert_4_sides_1_open,
          nicolae_spider_hilbert_4_sides_1_open,
          nicolae_spider_hilbert_4_sides_1_open,
          nicolae_spider_hilbert_4_sides_1_open,
          nicolae_spider_hilbert_4_sides_1_open,
          nicolae_spider_hilbert_4_sides_1_open,
          nicolae_spider_hilbert_4_sides_1_open,
          nicolae_spider_hilbert_4_sides_1_open,
          nicolae_spider_hilbert_3_sides_1_open,
          nicolae_spider_hilbert_3_sides_1_open,
          nicolae_spider_hilbert_3_sides_1_open,
          nicolae_spider_hilbert_3_sides_1_open],
          nicolae_spider_nooks_and_crannies
Spider:3: layout_cave_pods, uniq_bai_suzhen
Spider:4: grunt_spider_rune_circles, drop_trap
Orc:1:    layout_caves, nicolae_orc_rockfall, uniq_urug
Orc:2:    grunt_orc_tribal_feast, layout_diamond_mine, gammafunk_ghost_arena,
          nicolae_orc_flooded_monolith, mines2_david
Elf:1:    eino_elf_arrival_customs, layout_gridlike, serial_glass,
          glass_columns_a, glass_columns_c, minivault_28, minmay_shoptagon,
          grunt_megastairs_1
Elf:2:    nicolae_elf_blades_crystal_corner, layout_geoelf_octagon
Elf:3:    minmay_elf_hall_not_hex, layout_geoelf_castle, serial_shops,
          nicolae_shop_behind_doors
Vaults:1: nicolae_vaults_quadrants, v_pattern_3, hangedman_vaults_impose,
          v_misc_28, vaults_mumra_hex, nicolae_vaults_circle_grid_b, v_rooms_5,
          vaults_room_semicircle, v_misc_14, v_misc_13,
          nicolae_vaults_mini_display_case, nicolae_vaults_little_ls,
          nicolae_vaults_alarming, layout_vaults_omnicross, serial_shops,
          bzr_entry_safe, nicolae_shop_bloodbath_and_beyond
Vaults:2: nicolae_vaults_hallways_thing, minmay_crypt_entry_simple_round,
          ontoclasm_vaults_fire_temple, grunt_vaults_swirl,
          nicolae_vaults_three_branches, nicolae_vaults_little_squares_1,
          nicolae_vaults_big_angled_halls, hangedman_vaults_nails,
          vaults_dpeg_hooks, v_misc_10, hangedman_vaults_trim,
          vaults_dpeg_emergency_exit, layout_vaults_maze_snakey, enter_trove_1,
          uniq_margery, uniq_saint_roka, uniq_mara
Vaults:3: v_alt_pattern_3, vaults_mumra_minichess_inversion, v_alt_pattern_2,
          hangedman_vaults_cutoff, v_misc_29, vaults_room_pool,
          vaults_mumra_hexcomb, hangedman_vaults_nails, nicolae_vaults_asterisk,
          nicolae_vaults_diagonal_hallway_6, layout_vaults_quadrants
Vaults:4: ebering_ghost_xom, vaults_room_boxed, vaults_dpeg_diagonal,
          nicolae_vaults_diagonal_hallway_9, ontoclasm_vaults_eye,
          nicolae_vaults_asterisk, door_vault, nicolae_vaults_border_crossing,
          grunt_vaults_diagonal, vaults_dpeg_encased_lava,
          layout_vaults_big_room
Vaults:5: serial_shops
Crypt:1:  layout_rooms, uniq_jory
Crypt:2:  layout_catacombs, ebering_ghost_rock_garden, grunt_ministairs_13
Crypt:3:  church_of_pain_bobbens, layout_chaotic_city,
          nicolae_tomb_entry_rubble_hallway, lemuel_statue_altar
Depths:1: layout_gridlike, enter_ziggurat_a, grunt_pan_entry_spiral,
          skrybe_limestone_x, grunt_metal_band, dreamdust_looks_like_rain
Depths:2: dreamdust_experimentation, layout_cave_pools, pf_coc_iceberg,
          abyss_entry, rand_demon_pan_entry_1, serial_shops, shop,
          infiniplex_staircase_river
Depths:3: hangedman_cross_veins, layout_cave_shapes, abyss_entry_crystal,
          hell_entry, serial_rivers, chequers_serial_rivers_small_a,
          chequers_serial_rivers_micro_a, chequers_serial_rivers_large_a,
          chequers_serial_rivers_micro_b, chequers_serial_rivers_micro_e,
          nicolae_elyvilon_peaceful_grove, uniq_enchantress
Depths:4: hangedman_spin_cycle, hell_entry, abyss_entry, uniq_mennas
Zot:1:    layout_misc_corridors
Zot:2:    kennysheep_spiral_hall, layout_twisted_circle
Zot:3:    grunt_zot_stairs_faceoff, layout_misc_corridors, grunt_megastairs_2
Zot:4:    layout_gridville, st_stairs_2, bh_zot_ikea_curve
Zot:5:    layout_misc_corridors, grunt_ministairs_10

Skill      XL: |  1  2  3  4  5  6  7  8  9 10 11 12 13 14 15 16 17 18 19 20 21 22 23 24 25 26 27 |
---------------+----------------------------------------------------------------------------------+-----
Stealth        | 2 3 5 6 7 8 9 10 12 13 15 | 15.0
Fighting       | 1 2 3 4 6 8 10 11 12 13 14 15 17 18 19 20 22 | 22.1
Ranged Weapons | 2 4 6 8 10 12 13 14 | 14.0
Dodging        | 2 3 5 7 8 9 11 12 13 | 13.0
Shields        | 1 2 3 5 9 15 | 15.0
Armour         | 1 2 3 5 6 7 8 10 11 12 13 | 13.0
Spellcasting   | 3 4 6 7 8 9 11 12 13 14 15 16 17 18 19 20 | 20.0
Hexes          | 4 6 7 9 10 11 | 11.0
Invocations    | 2 5 7 9 10 11 12 13 15 | 15.0
Evocations     | 3 5 6 7 10 11 | 11.0
Translocations | 1 5 6 7 |  7.0
Short Blades   | 8 |  8.0
Air Magic      | 5 |  5.0

Action                   |  1- 3 |  4- 6 |  7- 9 | 10-12 | 13-15 | 16-18 | 19-21 | 22-24 | 25-27 || total
-------------------------+-------+-------+-------+-------+-------+-------+-------+-------+-------++-------
Melee: Dagger            |    27 |    28 |       |    20 |       |       |       |       |       ||    75
       Bite              |     8 |    10 |     1 |    11 |       |     1 |   305 |  1138 |  1667 ||  3141
       Hand axe          |       |       |     5 |       |       |       |       |       |       ||     5
       Greatsling        |       |       |       |       |       |     5 |     3 |       |       ||     8
       Quick blade       |       |       |       |       |       |       |   428 |  1906 |  2533 ||  4867
 Fire: Sling             |   122 |   153 |   450 |   268 |       |       |       |       |       ||   993
       Greatsling        |       |       |       |   320 |  1339 |  1398 |  2076 |   716 |  1262 ||  7111
Throw: Dart              |       |       |     3 |       |       |       |       |       |       ||     3
 Cast: Slow              |     2 |     2 |    17 |    36 |    12 |    15 |     8 |       |       ||    92
       Portal Projectile |       |       |       |       |    27 |   141 |   157 |    14 |    38 ||   377
       Tukima's Dance    |       |       |       |       |       |     8 |     6 |       |       ||    14
       Inner Flame       |       |       |       |       |       |       |     1 |       |     1 ||     2
       Swiftness         |       |       |       |       |       |       |       |     2 |     1 ||     3
Invok: Heal Self         |       |       |       |       |       |     6 |    29 |    16 |     9 ||    60
       Divine Vigour     |       |       |       |       |       |     2 |     3 |     1 |     1 ||     7
Evoke: Wand              |       |       |     7 |     2 |     2 |     9 |    12 |     8 |     3 ||    43
       Box of beasts     |       |       |       |       |       |       |     2 |     2 |     1 ||     5
       Tin of tremorston |       |       |       |       |       |       |       |     3 |       ||     3
       Phantom mirror    |       |       |       |       |       |       |       |       |     2 ||     2
  Use: Scroll            |       |    12 |     5 |    13 |     7 |     9 |    17 |    10 |    14 ||    87
       Potion            |       |       |       |       |       |     4 |     5 |     6 |     9 ||    24
 Stab: Distracted        |       |       |       |       |       |       |       |     2 |     5 ||     7
       Sleeping          |       |       |       |       |       |       |       |     9 |    21 ||    30
       Invisible         |       |       |       |       |       |       |       |     1 |       ||     1
Armor: Robe              |    21 |       |       |       |       |       |       |       |       ||    21
       Leather armour    |       |    55 |    62 |    57 |    66 |   137 |   196 |       |       ||   573
       Storm dragon scal |       |       |       |       |       |       |   235 |   671 |   733 ||  1639
Dodge: Dodged            |    56 |    75 |   143 |   168 |   320 |   710 |  1102 |   936 |   955 ||  4465
Block: Buckler           |     8 |    31 |    85 |    78 |   174 |   356 |   585 |   506 |   631 ||  2454
